 Dungeon Crawl Stone Soup version 0.28-a0-630-g0357d9c091 (webtiles) character file.

Game seed: 1249548581268742567

122969 vkrn the Unseen (level 16, 0/84 HPs)
             Began as a Spriggan Enchanter on Oct 9, 2021.
             Was the Champion of Dithmenos.
             Slain by a +3 vorpal war axe (2 damage)
             ... on level 1 of the Elven Halls.
             The game lasted 01:30:30 (38707 turns).

vkrn the Unseen (Spriggan Enchanter)               Turns: 38707, Time: 01:30:31

Health: 0/84       AC: 10    Str: 10    XL:     16   Next: 35%
Magic:  37/37      EV: 28    Int: 31    God:    Dithmenos [******]
Gold:   2090       SH:  0    Dex: 18    Spells: 39/47 levels left

rFire   + . .      SeeInvis +   b - +8 quick blade (vorpal)
rCold   . . .      Faith    .   (shield restricted)
rNeg    . . .      Spirit   .   t - +2 robe {rF+}
rPois   .          Reflect  .   w - +1 hat {Stlth+}
rElec   .          Harm     .   J - +2 cloak
rCorr   .          Rampage  .   (gloves unavailable)
Will    ++...                   (boots unavailable) Stlth ******++++
                                h - amulet of magic regeneration
HPRegen 0.24/turn               e - +6 ring of intelligence
MPRegen 0.50/turn               s - +6 ring of intelligence

@: wreathed by umbra, very quick
A: very small, no large weapons, unfitting armour, see invisible, speed 3, horns
1, iridescent scales 1, agile 1, strong 1, wild magic 1
a: Renounce Religion, Shadow Step, Shadow Form


You were on level 1 of the Elven Halls.
You worshipped Dithmenos.
Dithmenos was exalted by your worship.
You visited 5 branches of the dungeon, and saw 26 of its levels.

You collected 3609 gold pieces.
You spent 1519 gold pieces at shops.

Inventory:

Hand Weapons
 b - a +8 vorpal quick blade (weapon)
 m - a +3 quick blade of draining
Missiles
 p - 6 throwing nets (quivered)
Armour
 a - a +0 buckler of protection
 t - a +2 robe of fire resistance (worn)
 w - a +1 hat of stealth (worn)
 J - a +2 cloak (worn)
 W - the +0 robe of Grand New Discoveries {rPois Int+5}
   (You bought it in a shop on level 2 of the Orcish Mines)

   Int:       It affects your intelligence (+5).
   rPois:     It protects you from poison.
Jewellery
 e - a +6 ring of intelligence (left hand)
 h - an amulet of magic regeneration (around neck)
 s - a +6 ring of intelligence (right hand)
 u - a ring of magical power
 z - a ring of protection from fire
 A - a ring of flight
 U - a +6 ring of strength
Wands
 o - a wand of flame (81)
 v - a wand of paralysis (12)
 x - a wand of charming (12)
 y - a wand of mindburst (33)
 F - a wand of digging (6)
 O - a wand of acid (5)
 Q - a wand of polymorph (9)
Scrolls
 d - a scroll of silence
 k - a scroll of immolation
 I - 8 scrolls of identify
 L - 4 scrolls of magic mapping
 N - a scroll of blinking
 R - 2 scrolls of fog
 T - a scroll of amnesia
Potions
 f - 7 potions of attraction
 g - 3 potions of resistance
 i - 3 potions of curing
 j - a potion of brilliance
 l - 2 potions of ambrosia
 n - 2 potions of cancellation
 q - 3 potions of berserk rage
 r - 5 potions of flight
 G - a potion of might
 H - 3 potions of mutation
 P - a potion of magic
 S - 4 potions of heal wounds
Miscellaneous
 E - a phial of floods
 M - a lightning rod (4/4)
 V - a phantom mirror


   Skills:
 + Level 9.6 Fighting
 - Level 10.0 Short Blades
 + Level 14.5 Dodging
 + Level 19.4 Stealth
 + Level 6.5 Shields
 + Level 16.1 Spellcasting
 + Level 16.4 Hexes


You had 39 spell levels left.
You knew the following spells:

 Your Spells              Type           Power      Damage    Failure   Level
a - Ensorcelled Hibernat  Hex/Ice        100%       N/A       1%          2
b - Tukima's Dance        Hex            100%       N/A       1%          3
c - Dazzling Flash        Conj/Hex       100%       N/A       1%          3

Your spell library contained the following spells:

 Spells                   Type           Power      Damage    Failure   Level
 Confusing Touch          Hex            100%       N/A       1%          3
 Animate Skeleton         Necr           64%        N/A       3%          1
 Apportation              Tloc           64%        N/A       3%          1
 Beastly Appendage        Tmut           64%        N/A       3%          1
 Freeze                   Ice            100%       1d11      3%          1
 Magic Dart               Conj           100%       1d8       3%          1
 Pain                     Necr           100%       1d9       3%          1
 Sting                    Tmut/Pois      100%       1d8       3%          1
 Summon Small Mammal      Summ           100%       N/A       3%          1
 Call Imp                 Summ           32%        N/A       4%          2
 Corpse Rot               Necr/Air       N/A        N/A       4%          2
 Poisonous Vapours        Pois/Air       64%        N/A       4%          2
 Wereblood                Tmut           32%        N/A       4%          2
 Frozen Ramparts          Ice            64%        1d8       9%          3
 Mephitic Cloud           Conj/Pois/Air  32%        N/A       9%          3
 Ozocubu's Armour         Ice            32%        N/A       9%          3
 Spider Form              Tmut/Pois      16%        N/A       9%          3
 Hailstorm                Conj/Ice       32%        3d8       24%         4
 Olgreb's Toxic Radiance  Pois           32%        N/A       24%         4
 Sticky Flame             Conj/Fire      32%        2d5       24%         4
 Excruciating Wounds      Necr           16%        N/A       52%         5
 Simulacrum               Ice/Necr       16%        N/A       97%         6
 Starburst                Conj/Fire      16%        6d6       97%         6
 Malign Gateway           Summ/Tloc      16%        N/A       100%        7
 Ignition                 Fire           16%        3d6       100%        8
 Summon Horrible Things   Summ           16%        N/A       100%        8
 Polar Vortex             Ice            16%        N/A       100%        9


Dungeon Overview and Level Annotations

Branches:
Dungeon (15/15)            Temple (1/1) D:4            Lair (6/6) D:11
 Shoals (0/4) Lair:4       Spider (0/4) Lair:3        Slime (0/5) Lair:5
    Orc (2/2) D:11            Elf (2/3) Orc:2        Vaults (0/5) D:14
 Depths (0/4) D:15

Altars:
Ashenzari
Cheibriados
Dithmenos
Elyvilon
Fedhas
Gozag
Hepliaklqana
Kikubaaqudgha
Makhleb
Nemelex Xobeh
Okawaru
Qazlal
Ru
Sif Muna
Trog
Uskayaw
Vehumet
Wu Jian
Xom
Yredelemnul
Zin
The Shining One
Beogh
Jiyva
Lugonu

Shops:
D:1 [   D:3 :*?   D:4 !   D:5 *   D:11 (   Orc:2 *[(=

Portals:
Abyss: Lair:6

Annotations:
D:13 exclusion: obsidian statue
Elf:1 TimeIsEndless's ghost, journeyman DrIE


Innate Abilities, Weirdness & Mutations

You are very small and have problems with some larger weapons.
You are too small for most types of armour.
You have supernaturally acute eyesight. (SInv)
You cover ground extremely quickly. (Speed+++)
You have a pair of small horns on your head.
You are partially covered in iridescent scales. (AC +2)
You are agile. (Dex +2)
Your muscles are strong. (Str +2)
Your spells are a little harder to cast, but a little more powerful.


Message History

You miss the +3 vorpal war axe.
The +3 vorpal war axe is moderately damaged.
Your shadow hits the +3 vorpal war axe with a quick blade.
You hit the +3 vorpal war axe but do no damage.
Your headbutt misses the +3 vorpal war axe.
The +3 vorpal war axe is heavily damaged.
Your shadow hits the +3 vorpal war axe with a quick blade.
The +3 vorpal war axe hits you!!
* * * LOW HITPOINT WARNING * * *
You emit a cloud of dark smoke.
* * * LOW HITPOINT WARNING * * *
Unknown command.
Aiming: Throw Flame
Press: ? - help, Shift-Dir - straight line, f - +3 vorpal war axe
Aim: a +3 vorpal war axe (black smoke, heavily damaged, umbra, 39% to hit)
The puff of flame misses the +3 vorpal war axe.
The +3 vorpal war axe hits you!
* * * LOW HITPOINT WARNING * * *
x2 Unknown command.
You feel much better. The +3 vorpal war axe hits you.
The +3 vorpal war axe hits you!!
* * * LOW HITPOINT WARNING * * *
x2 Unknown command.
Unknown command.
Your magical contamination has completely faded away.
There is a stone staircase leading down here.
Found a stone staircase leading down.
Aiming: Corrosive Bolt
Press: ? - help, Shift-Dir - straight line, f/p - +3 vorpal war axe
Aim: a +3 vorpal war axe (moderately damaged, umbra, 43% to hit)
The bolt of acid misses the +3 vorpal war axe.
There is a shaft here.
Really walk into that dispersal trap? [Y]es or [N]o only, please.
Really walk into that dispersal trap?
You enter a dispersal trap!
The +3 vorpal war axe blinks! x2; You blink.
The +3 vorpal war axe hits you!
* * * LOW HITPOINT WARNING * * *
You emit a cloud of dark smoke.
You die...

....### #..!# #.# #......
.##.######...####.# #.)..).
#.#.#.............# #......
##................# #......
##.#.............##### #......
##.#............##...# #......
##.............#..... #......
##.#......§..§§§#.....###......
##.##.........(@§..........#####
##.###.........§§###......(##
#.## #..§.^§.....# .#.......##
.#####..........#..#.........####
###...#..#...##.#. ..............
#..###.######..##....$......###
#...#..# #. ...........# #.##...#
.# .#####....## #.##.....
#$l.###..#


You could see a +3 vorpal war axe.

Vanquished Creatures
  Saint Roka (Orc:2)
  A deep elf annihilator (Elf:1)
  Nessos (Orc:2)
  A fire dragon (D:14)
  2 ice dragons (D:15)
  7 hydras
  Fannar (D:10)
  Erolcha (D:10)
  Harold (Lair:2)
  4 boulder beetles
  3 catoblepae (Lair:4)
  5 centaur warriors
  11 dancing weapons (Elf:2)
  2 death knights (D:15)
  An anaconda (shapeshifter) (D:14)
  A two-headed ogre (D:9)
  2 tengu warriors
  11 death yaks
  4 thrashing horrors (Lair:6)
  Urug (Lair:1)
  An orc high priest (Orc:2)
  Sonja (D:11)
  3 deep elf knights
  A fire crab (D:14)
  Pikel (D:7)
  5 deep elf pyromancers
  A deep elf archer (D:14)
  An orc knight (D:11)
  A phantasmal warrior (D:15)
  13 deep elf zephyrmancers
  2 wolf spiders (D:14)
  An oklob plant (Lair:6)
  11 ugly things
  8 cyclopes
  7 manticores
  2 orc sorcerers
  Joseph (D:10)
  A guardian serpent (shapeshifter) (D:13)
  A merfolk siren (Lair:4)
  6 elephants (Lair:3)
  Maurice (D:12)
  2 gargoyles
  A torpor snail (Lair:5)
  5 smoke demons
  12 cane toads
  2 black mambas (Lair:6)
  Psyche (D:12)
  A tengu conjurer (D:14)
  6 rime drakes
  A komodo dragon (shapeshifter) (Lair:6)
  3 efreet
  11 komodo dragons
  3 freezing wraiths
  An ancient zyme (Lair:6)
  A merfolk (shapeshifter) (D:11)
  3 polar bears
  9 trolls
  23 dream sheep
  8 small abominations (Lair:6)
  9 slime creatures
  A snapping turtle (shapeshifter) (D:14)
  26 blink frogs
  A centaur simulacrum (D:14)
  A spriggan (Lair:6)
  A shadow (D:12)
  4 wyverns
  2 water elementals (Elf:1)
  4 wraiths
  67 yaks
  A fire elemental (Elf:1)
  A vampire mosquito (D:14)
  A basilisk (shapeshifter) (D:14)
  A chaos spawn (Lair:6)
  A hog (shapeshifter) (D:14)
  6 basilisks
  Menkaure (D:4)
  3 wargs
  2 acid dragons
  20 water moccasins
  20 orc warriors
  A swamp drake (D:9)
  2 necrophages
  A black bear (shapeshifter) (D:15)
  2 sky beasts
  10 ogres
  14 centaurs
  15 wolves
  9 bullfrogs
  2 wyvern zombies
  6 scorpions
  A water moccasin skeleton (D:6)
  13 killer bees
  3 wights (D:5)
  3 howler monkeys
  4 centaur zombies
  A crimson imp (D:9)
  A bullfrog zombie (D:5)
  5 hounds
  2 jellies
  2 gnoll shamans
  18 orc priests
  3 iguanas
  An iron imp (D:9)
  A centaur skeleton (D:6)
  24 orc wizards
  A hound skeleton (D:5)
  A howler monkey zombie (D:9)
  9 adders
  6 gnolls
  A shadow imp (D:9)
  3 white imps
  2 ufetubi
  An adder skeleton (D:4)
  5 worms
  4 dart slugs
  96 orcs
  8 endoplasms
  5 giant cockroaches
  9 goblins
  2 hobgoblins
  4 quokkas
  5 ball pythons
  10 bats
  6 kobolds
  5 rats
  A bush (Lair:6)
724 creatures vanquished.

Vanquished Creatures (collateral kills)
  A vault guard (D:14)
  Erica (D:10)
  A death knight (D:14)
  2 tengu warriors
  11 orc warriors
  3 ogres
  A lemure (D:7)
  2 wights (D:5)
  3 orc priests
  6 orc wizards
  6 gnolls
  18 orcs
55 creatures vanquished.

Vanquished Creatures (others)
  A wizard (D:14)
  8 dancing weapons
  An orc wizard (D:9)
  58 fungi
  36 plants
104 creatures vanquished.

Grand Total: 883 creatures vanquished

Notes
Turn   | Place    | Note
-------+----------+-------------------------------------------
     0 | D:1      | vkrn the Spriggan Enchanter began the quest for the Orb.
     0 | D:1      | Reached XP level 1. HP: 9/9 MP: 5/5
     2 | D:1      | Noticed a demonspawn
     2 | D:1      | Noticed a minotaur
     4 | D:1      | Noticed a ghoul
     4 | D:1      | Noticed a tengu
     6 | D:1      | Noticed a merfolk
     8 | D:1      | Noticed a spriggan
    10 | D:1      | Noticed a formicid
    12 | D:1      | Noticed a gargoyle
    12 | D:1      | Noticed a dwarf
    14 | D:1      | Noticed an octopode
    16 | D:1      | Noticed a vampire
    18 | D:1      | Noticed a draconian
    18 | D:1      | Noticed an elf
    20 | D:1      | Noticed a vine stalker
    20 | D:1      | Noticed a human
    22 | D:1      | Noticed a felid
    22 | D:1      | Noticed a troll
    24 | D:1      | Noticed a demigod
    24 | D:1      | Noticed a naga
    26 | D:1      | Noticed an ogre
    44 | D:1      | Found Hohomu's Antique Armour Boutique.
   372 | D:1      | Reached XP level 2. HP: 13/13 MP: 7/7
   375 | D:1      | Learned a level 2 spell: Ensorcelled Hibernation
  1046 | D:1      | Found a faded altar of an unknown god.
  1218 | D:2      | Reached XP level 3. HP: 16/16 MP: 9/9
  1222 | D:2      | Learned a level 3 spell: Tukima's Dance
  1226 | D:2      | Learned a level 3 spell: Dazzling Flash
  2388 | D:3      | Reached XP level 4. HP: 21/21 MP: 11/11
  2391 | D:3      | Found a blossoming altar of Fedhas.
  2420 | D:3      | Reached skill level 5 in Hexes
  2437 | D:3      | Found Byryd's Assorted Antiques.
  2449 | D:3      | Bought a metallic ruby potion for 22 gold pieces
  2449 | D:3      | Bought a fizzy silvery potion for 22 gold pieces
  2449 | D:3      | Bought a scroll labelled FAXTOA OXYADGHY for 25 gold pieces
  2651 | D:3      | Found Iriehiag's Magic Scroll Boutique.
  2662 | D:3      | Bought a scroll of identify for 22 gold pieces
  2960 | D:3      | Found a hide-covered altar of Uskayaw.
  3198 | D:3      | Found Kapihoto's Book Shoppe.
  3355 | D:4      | Noticed a phantom
  3558 | D:4      | Reached XP level 5. HP: 15/24 MP: 13/13
  3677 | D:4      | Found Jiliryec's Distillery.
  3702 | D:4      | Noticed an ogre
  3723 | D:4      | Noticed Menkaure
  3739 | D:5      | Entered Level 5 of the Dungeon
  3745 | D:5      | Reached skill level 5 in Spellcasting
  4067 | D:5      | HP: 1/22 [wight (6)]
  4440 | D:4      | Killed Menkaure
  4441 | D:4      | Reached XP level 6. HP: 21/28 MP: 14/16
  4737 | D:4      | Found a snail-covered altar of Cheibriados.
  4771 | D:4      | Gained mutation: You sometimes lose the ability to read
                  | scrolls when taking damage. [potion of mutation]
  4771 | D:4      | Gained mutation: Your spells are a little harder to cast,
                  | but a little more powerful. [potion of mutation]
  4771 | D:4      | Gained mutation: Your body sometimes deteriorates upon
                  | taking damage. [potion of mutation]
  4771 | D:4      | Gained mutation: Your muscles are strong. (Str +2) [potion
                  | of mutation]
  5122 | D:4      | Found a staircase to the Ecumenical Temple.
  5133 | Temple   | Entered the Ecumenical Temple
  5555 | D:4      | Reached XP level 7. HP: 16/32 MP: 18/18
  5947 | D:4      | Found an ornate altar of the Wu Jian Council.
  6325 | D:5      | Reached skill level 5 in Stealth
  6542 | D:5      | Found Xipahone's General Store.
  6694 | D:5      | Reached skill level 6 in Stealth
  6957 | D:5      | Reached XP level 8. HP: 28/36 MP: 20/20
  7329 | D:5      | Reached skill level 7 in Stealth
  7592 | D:5      | Found a glowing silver altar of Zin.
  7592 | D:5      | Noticed an angel
  8135 | D:6      | Reached skill level 8 in Stealth
  9307 | D:7      | Noticed Pikel
  9337 | D:7      | Reached skill level 9 in Stealth
  9772 | D:7      | Reached XP level 9. HP: 21/39 MP: 13/23
  9797 | D:7      | Killed Pikel
  9798 | D:7      | Reached skill level 10 in Stealth
  9798 | D:7      | Reached skill level 10 in Hexes
 10656 | D:7      | Found a shadowy altar of Dithmenos.
 10664 | D:7      | Became a worshipper of Dithmenos the Shadowed
 10685 | D:7      | Reached skill level 10 in Spellcasting
 11450 | D:7      | Reached skill level 1 in Fighting
 11452 | D:7      | Reached skill level 11 in Stealth
 11601 | D:7      | Identified the +2 leather armour "Ezoab" {Rampage rElec rF-
                  | Regen+}
 11958 | D:8      | Reached * piety under Dithmenos
 11985 | D:8      | Reached XP level 10. HP: 29/46 MP: 21/25
 12153 | D:8      | Noticed a centaur warrior
 12164 | D:8      | Killed a centaur warrior
 12845 | D:8      | Noticed a moth of wrath
 12849 | D:8      | Found a bloodstained altar of Trog.
 13485 | D:9      | Reached skill level 5 in Dodging
 13936 | D:9      | Noticed a deep elf zephyrmancer
 13942 | D:9      | Killed a deep elf zephyrmancer
 13986 | D:9      | Noticed a deep elf pyromancer
 13989 | D:9      | Killed a deep elf pyromancer
 13990 | D:9      | Reached skill level 12 in Stealth
 14017 | D:9      | Noticed a two-headed ogre
 14024 | D:9      | Killed a two-headed ogre
 14043 | D:9      | Reached ** piety under Dithmenos
 14323 | D:9      | Found a stormy altar of Qazlal.
 14491 | D:10     | Entered Level 10 of the Dungeon
 14491 | D:10     | Noticed Joseph
 14500 | D:10     | Killed Joseph
 14733 | D:10     | Reached XP level 11. HP: 23/52 MP: 27/27
 15185 | D:10     | Reached skill level 5 in Short Blades
 15227 | D:10     | Noticed Fannar
 15238 | D:10     | Killed Fannar
 15407 | D:10     | Noticed Erica
 15419 | D:10     | Killed Erica
 15420 | D:10     | Reached skill level 13 in Stealth
 15443 | D:10     | Noticed Erolcha
 15445 | D:10     | Killed Erolcha
 15560 | D:10     | Lost mutation: You sometimes lose the ability to read
                  | scrolls when taking damage. [potion of mutation]
 15560 | D:10     | Lost mutation: Your body sometimes deteriorates upon taking
                  | damage. [potion of mutation]
 15560 | D:10     | Gained mutation: You are partially covered in iridescent
                  | scales. (AC +2) [potion of mutation]
 15560 | D:10     | Gained mutation: You have a pair of small horns on your
                  | head. [potion of mutation]
 15560 | D:10     | Gained mutation: You are agile. (Dex +2) [potion of
                  | mutation]
 16078 | D:11     | Found a staircase to the Lair.
 16365 | D:11     | Noticed Sonja
 16366 | D:11     | Killed Sonja
 16511 | D:11     | Noticed an orc knight
 16769 | D:11     | Killed an orc knight
 17244 | D:11     | Found Xuojicle's Weapon Boutique.
 17247 | D:11     | Found a staircase to the Orcish Mines.
 17282 | D:11     | Reached skill level 5 in Fighting
 17407 | D:11     | Identified a scroll of acquirement
 17407 | D:11     | Acquired 1185 gold pieces
 17612 | D:11     | You fall into a shaft and drop 1 floor!
 17612 | D:12     | Noticed a boulder beetle
 17613 | D:12     | Killed a boulder beetle
 17614 | D:12     | Reached skill level 14 in Stealth
 17614 | D:12     | Reached XP level 12. HP: 60/60 MP: 29/29
 17787 | D:12     | Got the Papyrus of Congealing Unholy Secrets
 18067 | D:12     | Reached *** piety under Dithmenos
 18085 | D:12     | Noticed Maurice
 18092 | D:12     | Killed Maurice
 18730 | D:5      | Bought a scroll of acquirement for 624 gold pieces
 18732 | D:5      | Acquired a +5 quick blade
 18798 | D:4      | Bought 2 potions of berserk rage for 110 gold pieces
 18798 | D:4      | Bought a potion of flight for 33 gold pieces
 18798 | D:4      | Bought a potion of curing for 33 gold pieces
 18798 | D:4      | Bought a potion of heal wounds for 55 gold pieces
 18798 | D:4      | Bought a potion of invisibility for 88 gold pieces
 18798 | D:4      | Bought a potion of ambrosia for 88 gold pieces
 18798 | D:4      | Bought a potion of flight for 33 gold pieces
 18798 | D:4      | Bought a potion of cancellation for 88 gold pieces
 18798 | D:4      | Bought a potion of cancellation for 88 gold pieces
 19030 | D:12     | Noticed Psyche
 19033 | D:12     | Killed Psyche
 19301 | D:13     | Identified the +7 quarterstaff of Distant Worlds {freeze,
                  | rC+}
 19515 | D:13     | Noticed a tengu warrior
 19516 | D:13     | Noticed a tengu warrior
 19541 | D:13     | Killed a tengu warrior
 19547 | D:13     | Killed a tengu warrior
 20124 | D:13     | Noticed a boulder beetle
 20128 | D:13     | Killed a boulder beetle
 20129 | D:13     | Reached skill level 15 in Stealth
 20904 | D:14     | Reached skill level 10 in Dodging
 20904 | D:14     | Reached skill level 1 in Shields
 20910 | D:14     | Reached XP level 13. HP: 65/65 MP: 24/31
 21173 | D:14     | Got Aploatha's Handbook of the Frostbite and Venom
 21173 | D:14     | Got Commu's Tome of Unholy Flames
 21212 | D:14     | Identified the +1 leather armour of Pandemonium {rF+}
 22647 | D:14     | Noticed a fire dragon
 22947 | D:14     | Killed a fire dragon
 23123 | D:14     | Found a gate to the Vaults.
 23467 | Lair:1   | Entered Level 1 of the Lair of Beasts
 23467 | Lair:1   | Found a sacrificial altar of Ru.
 23475 | Lair:1   | Reached skill level 16 in Stealth
 23511 | Lair:1   | Reached **** piety under Dithmenos
 23814 | Lair:1   | Noticed Urug
 23825 | Lair:1   | Killed Urug
 24009 | Lair:1   | Identified the +1 tower shield of Zide {rN+ MP+9 Slay+6}
 24077 | Lair:1   | Found the +8 whip "Snakebite" {venom, curare, rPois}
 24807 | Lair:2   | Reached XP level 14. HP: 52/72 MP: 24/33
 25021 | Lair:2   | Noticed Harold
 25028 | Lair:2   | Killed Harold
 26234 | Lair:3   | Reached ***** piety under Dithmenos
 27273 | Lair:3   | Found a hole to the Spider Nest.
 27795 | Lair:4   | Reached skill level 10 in Short Blades
 27795 | Lair:4   | Reached skill level 17 in Stealth
 27937 | Lair:4   | Found a staircase to the Shoals.
 29238 | Lair:5   | Found a staircase to the Slime Pits.
 29238 | Lair:5   | Found a viscous altar of Jiyva.
 29612 | Lair:6   | Entered Level 6 of the Lair of Beasts
 29829 | Lair:6   | HP: 1/73 [blink frog (42)]
 30264 | Lair:6   | Reached skill level 15 in Hexes
 30747 | Lair:6   | Reached XP level 15. HP: 30/77 MP: 25/34
 31094 | Lair:6   | Reached skill level 15 in Spellcasting
 31278 | Lair:6   | Reached skill level 5 in Shields
 31589 | Lair:6   | Reached skill level 18 in Stealth
 31619 | Lair:6   | Found a corrupted altar of Lugonu.
 31619 | Lair:6   | Found a one-way gate to the infinite horrors of the Abyss.
 31638 | Lair:6   | Reached ****** piety under Dithmenos
 32282 | Lair:5   | HP: 1/78 [death yak (18)]
 34023 | D:15     | Entered Level 15 of the Dungeon
 34178 | D:15     | Found a staircase to the Depths.
 35143 | Orc:1    | Entered Level 1 of the Orcish Mines
 35644 | Orc:2    | Entered Level 2 of the Orcish Mines
 35894 | Orc:1    | You fall into a shaft and drop 1 floor!
 35894 | Orc:2    | Found a staircase to the Elven Halls.
 35895 | Orc:2    | Noticed Nessos
 35908 | Orc:2    | Killed Nessos
 36508 | Orc:2    | Noticed Saint Roka
 36952 | Orc:2    | Found Moill's General Store.
 37197 | Orc:2    | Killed Saint Roka
 37198 | Orc:2    | Reached skill level 19 in Stealth
 37198 | Orc:2    | Reached XP level 16. HP: 34/84 MP: 4/36
 37468 | Orc:2    | Found Tasaox's Antique Weapon Emporium.
 37474 | Orc:2    | Found Daonna's Antique Armour Shoppe.
 37487 | Orc:2    | Bought a brightly glowing robe for 188 gold pieces
 37487 | Orc:2    | Identified the +0 robe of Grand New Discoveries {rPois
                  | Int+5} (You bought it in a shop on level 2 of the Orcish
                  | Mines)
 37709 | Orc:2    | Found Xuskom's Jewellery Shoppe.
 37983 | Elf:1    | Entered Level 1 of the Elven Halls
 38249 | Elf:1    | Identified the +2 leather armour of the Stars {Rampage
                  | rCorr Int+4}
 38446 | Elf:1    | Noticed TimeIsEndless's ghost (journeyman DrIE)
 38447 | Elf:1    | You fall into a shaft and drop 1 floor!
 38606 | Elf:2    | Found a runed translucent gate.
 38606 | Elf:2    | Found a runed translucent gate.
 38607 | Elf:2    | Found a runed translucent gate.
 38707 | Elf:1    | HP: 2/84 [+3 vorpal war axe (12)]
 38707 | Elf:1    | Slain by a +3 vorpal war axe

Illustrated notes

Levels and vault maps discovered:
D:1:      kb_arrival_jail, layout_loops_ring,
          shapermc_ecumenical_altar_hornbeckon, serial_shops, nicolae_shop_trees
D:2:      layout_basic, minmay_misc_feat_nine_boxes, minmay_misc_feat_x
D:3:      layout_loops_corners, old_standard_altar,
          nicolae_uskayaw_murder_on_the_dancefloor, serial_shops,
          nicolae_shop_stone, nicolae_shop_waterfront, shop,
          minmay_misc_feat_five, chequers_mini_garden
D:4:      layout_basic, nzn_wu_jian_council_hall,
          mainiacjoe_overflow_cross_hatched, minmay_temple_entry_antechambers,
          serial_shops, shop_fountains, uniq_menkaure
D:5:      layout_cave_pods, zin_angel, serial_shops, nicolae_square_shop
D:6:      layout_gridville
D:7:      layout_loops_ring, nicolae_dithmenos_shadow_blocks, eino_jars,
          uniq_pikel
D:8:      layout_loops_corners, tgw_trog, minmay_microvault
D:9:      layout_layer_cave, marbit_many_paths, hangedman_minor_magic
D:10:     layout_irregular_city, uniq_fannar, uniq_erica, uniq_erolcha,
          uniq_joseph
D:11:     layout_cave_pools, minmay_lair_entry_grove, orc_david_3,
          portal_ice_cave_entry_pillars_1, minmay_parallelograms, uniq_sonja
D:12:     layout_roguey, uniq_psyche, uniq_maurice
D:13:     layout_long_grid, grunt_ministairs_11, hangedman_devilish_allure
D:14:     layout_roguey, david_vaults_5, minmay_the_grid_2x2
          [minmay_the_grid_gridbox, minmay_the_grid_minigrid_large,
          minmay_the_grid_tree, minmay_the_grid_prize_shrinking_boxes]
D:15:     grunt_enter_depths_hoard, layout_irregular_city,
          grunt_decor_one_mirror
Temple:   nicolae_temple_great_sept
Lair:1:   minmay_guarded_unrand_snakebite, layout_regular_city, basic_altar,
          minivault_19, eino_small_chamber_without_monster, uniq_urug
Lair:2:   layout_gridlike, grunt_megastairs_5, uniq_harold
Lair:3:   layout_small_grid, spider_nest_entry_web_field
Lair:4:   nzn_motion_control, layout_hall_layers,
          minmay_shoals_entry_lonely_mermaid
Lair:5:   layout_gridlike, slime_altar_1, serial_bayou_shore_b,
          grunt_megastairs_4, infiniplex_staircase_pool_2
Lair:6:   hellmonk_lair_end_abyssal_woods, layout_regular_city,
          eino_small_chamber_without_monster, st_stairs_8,
          minmay_lair_oklob_bushes
Orc:1:    layout_diamond_mine, minmay_orc_temple_a
Orc:2:    grunt_orc_community_town_hall, layout_diamond_mine,
          grunt_orc_community_big_house_2, grunt_orc_community_big_house_1,
          grunt_orc_community_house_3, grunt_orc_community_house_2,
          grunt_orc_community_house_3, grunt_orc_community_house_2,
          nicolae_orc_lava_room, uniq_nessos
Elf:1:    elf_arrival_001, layout_loops_cross,
          gammafunk_ghost_berserking_beasts,
          hangedman_elven_crosses_minicolossus
Elf:2:    elven_hall_of_blades_hangedman_original
          [nicolae_blade_entry_diamond_columns], layout_geoelf_octagon,
          minmay_misc_feat_rows

Skill      XL: |  1  2  3  4  5  6  7  8  9 10 11 12 13 14 15 16 |
---------------+-------------------------------------------------+-----
Spellcasting   | 3 4 6 7 9 10 11 12 13 14 15 16 | 16.1
Hexes          | 4 5 6 7 8 9 10 11 12 13 14 15 16 | 16.4
Stealth        | 6 9 11 12 14 15 16 17 19 | 19.4
Dodging        | 4 6 8 10 11 12 14 | 14.5
Short Blades   | 2 4 6 8 9 10 | 10.0
Fighting       | 1 3 5 6 7 8 9 |  9.6
Shields        | 1 3 4 6 |  6.5

Action                   |  1- 3 |  4- 6 |  7- 9 | 10-12 | 13-15 | 16-18 || total
-------------------------+-------+-------+-------+-------+-------+-------++-------
Melee: Dagger            |   111 |   160 |   328 |   496 |       |       ||  1095
       Headbutt          |       |       |       |    58 |   215 |    21 ||   294
       Quick blade       |       |       |       |    72 |  1140 |   140 ||  1352
 Cast: Ensorcelled Hiber |    15 |    16 |    34 |    66 |   210 |       ||   341
       Tukima's Dance    |       |     1 |    18 |    19 |    36 |     7 ||    81
       Dazzling Flash    |       |     1 |     6 |    15 |    65 |     2 ||    89
Invok: Shadow Step       |       |       |       |     1 |     6 |     1 ||     8
Evoke: Wand              |       |       |    12 |    19 |    21 |     2 ||    54
       Phial of floods   |       |       |       |     2 |     2 |       ||     4
       Lightning rod     |       |       |       |       |     7 |       ||     7
       Phantom mirror    |       |       |       |       |     1 |       ||     1
  Use: Scroll            |     5 |     6 |     5 |     9 |     7 |     5 ||    37
       Potion            |       |     3 |       |     2 |    14 |     3 ||    22
 Stab: Sleeping          |    23 |    14 |    40 |    77 |   235 |    26 ||   415
       Distracted        |       |       |     3 |     3 |    13 |     1 ||    20
       Invisible         |       |       |     1 |     6 |    43 |     3 ||    53
       Paralysed         |       |       |       |       |     3 |       ||     3
Armor: Robe              |    15 |    11 |    38 |    93 |    60 |     6 ||   223
Dodge: Dodged            |    76 |   119 |   261 |   562 |   729 |    54 ||  1801

Table legend: (Time is in decaauts)
 A = Elapsed time spent in this place.
 B = Non-inter-level travel time spent in this place.
 C = Inter-level travel time spent in this place.
 D = Time resting spent in this place.
 E = Time spent auto-exploring this place.
 F = Levels seen in this place.
 G = Mean time per level.
                   A        B        C        D        E       F      G
               +--------+--------+--------+--------+--------+-----+--------+
         Total |  30018 |  28759 |   1259 |   6457 |  17253 |  26 | 1154.5 |
       Dungeon |  19858 |  18924 |    934 |   4483 |  11296 |  15 | 1323.9 |
        Temple |     68 |     63 |      5 |      0 |     43 |   1 |   68.0 |
          Lair |   7835 |   7587 |    248 |   1722 |   4598 |   6 | 1305.8 |
  Orcish Mines |   1787 |   1717 |     70 |    251 |   1060 |   2 |  893.5 |
   Elven Halls |    469 |    469 |      0 |      0 |    255 |   2 |  234.5 |
               +--------+--------+--------+--------+--------+-----+--------+

Top non-repeatable levels by time:
    D:14: 2638 daAuts
  Lair:5: 1846 daAuts
  Lair:6: 1831 daAuts
     D:7: 1809 daAuts
     D:4: 1731 daAuts
    D:10: 1723 daAuts
     D:6: 1660 daAuts
     D:5: 1650 daAuts
   Orc:2: 1364 daAuts
  Lair:2: 1214 daAuts
  Lair:4: 1146 daAuts
    D:11: 1134 daAuts
     D:3: 1095 daAuts
     D:8: 1064 daAuts
  Lair:3: 1033 daAuts
